 Dungeon Crawl Stone Soup version 0.29-a0-275-g389c0b56f3 (webtiles) character file.

Game seed: 10311209242376629279

118 Leszczynek the Digger (level 4, -2/30 HPs)
             Began as a Vampire Earth Elementalist on Mar 10, 2022.
             Slain by Natasha (4 damage)
             ... on level 4 of the Dungeon.
             The game lasted 00:14:27 (840 turns).

Leszczynek the Digger (Vampire Earth Elementalist)   Turns: 840, Time: 00:14:28

Health: -2/30      AC:  5    Str: 11 (13) XL:     4   Next: 72%
Magic:  4/7        EV: 12    Int: 17 (19) God:
Gold:   25         SH:  0    Dex: 11 (12) Spells: 3/7 levels left

rFire   + . .      SeeInvis +   d - +0 mace
rCold   + + .      Faith    .   e - orb {mayhem}
rNeg    . . .      Spirit   .   b - +0 robe
rPois   +          Reflect  .   (no helmet)
rElec   +          Harm     .   s - +0 cloak
rCorr   +          Rampage  .   (no gloves)
Will    .....                   g - +0 pair of boots
Stlth   ++........              (no amulet)
HPRegen 0.30/turn               i - ring of protection from cold
MPRegen 0.10/turn               o - +6 ring of strength

@: resistant, healing quickly
A: alive, fangs 3, see invisible, vampiric 2, iridescent scales 1, clumsy 1,
deformed body
a: Exsanguinate


You were on level 4 of the Dungeon.
You visited 1 branch of the dungeon, and saw 4 of its levels.

You collected 64 gold pieces.
You spent 39 gold pieces at shops.

Inventory:

Hand Weapons
 d - a +0 mace (weapon)
Missiles
 a - 126 stones
Armour
 b - a +0 robe (worn)
 e - an orb of mayhem (worn)
 g - a +0 pair of boots (worn)
 s - a +0 cloak (worn)
Jewellery
 i - a ring of protection from cold (left hand)
 o - a +6 ring of strength (right hand)
Scrolls
 f - 3 scrolls of teleportation
 j - a scroll of summoning {unknown}
 m - a scroll of identify {unknown}
 n - a scroll of vulnerability {unknown}
 p - a scroll of blinking {unknown}
 r - a scroll of enchant armour {unknown}
Potions
 c - a potion of magic
 l - a potion of haste {unknown}
 q - a potion of resistance
 t - a potion of might {unknown}


   Skills:
 - Level 2.1 Dodging
 - Level 3.0 Stealth
 - Level 2.0 Spellcasting
 + Level 2.3 Conjurations
 - Level 1.1 Transmutations
 + Level 4.3 Earth Magic


You had 3 spell levels left.
You knew the following spells:

 Your Spells              Type           Power      Damage    Failure   Level
a - Sandblast             Erth           32%        2d9       3%          1
b - Stone Arrow           Conj/Erth      26%        3d8       16%         3

Your spell library contained the following spells:

 Spells                   Type           Power      Damage    Failure   Level
 Passwall                 Tmut/Erth      8%         N/A       10%         2
 Petrify                  Tmut/Erth      10%        N/A       54%         4
 Chain Lightning          Conj/Air       2%         3d3       100%        9
 Fire Storm               Conj/Fire      2%         8d1       100%        9
 Shatter                  Erth           8%         3d10*     100%        9


Dungeon Overview and Level Annotations

Branches:
Dungeon (4/15)
 Temple: D:4-7

Altars:
Xom

Shops:
D:3 ?(   D:4 [

Annotations:
D:4 Edmund, Natasha


Innate Abilities, Weirdness & Mutations

Your natural rate of healing is accelerated.
You have razor-sharp teeth.
You have supernaturally acute eyesight. (SInv)
You are afflicted with vampirism and can become a bat while bloodless.
You are partially covered in iridescent scales. (AC +2)
You are clumsy. (Dex -2)
Armour fits poorly on your strangely shaped body.


Message History

Natasha stares at you and mumbles some strange words.
The magic dart hits you.
Casting: Sandblast (safe; 2% risk of failure)
Confirm with . or Enter, or press ? or * to list all spells.
Aiming: Sandblast (safe; 2% risk of failure)
Press: ? - help, Shift-Dir - straight line, f - Natasha, p - white imp
Aim: Natasha (unusually resistant, 74% to hit)
The blast of sand misses Natasha.
The white imp hits you. The white imp freezes you. You resist.
Natasha mewls in sadness.
Natasha claws you.
Casting: Sandblast (safe; 2% risk of failure)
Confirm with . or Enter, or press ? or * to list all spells.
Aiming: Sandblast (safe; 2% risk of failure)
Press: ? - help, Shift-Dir - straight line, f/p - Natasha
Aim: Natasha (unusually resistant, 74% to hit)
The blast of sand hits Natasha.
Natasha is lightly wounded.
The white imp summons a swarm of flies.
The white imp hits you. The white imp freezes you. You resist.
Natasha misses you.
You feel protected. The white imp gestures at you. The puff of frost hits you.
You resist.
* * * LOW HITPOINT WARNING * * *
Natasha misses you.
It was a potion of mutation.
You feel extremely strange.
Iridescent scales grow over part of your body.
Your body twists and deforms.
You feel clumsy. The white imp closely misses you. Natasha claws you.
* * * LOW HITPOINT WARNING * * *
Unknown command.
It was a potion of degeneration.
There was something very wrong with that liquid.
You feel weakened.
You feel dopey.
You feel clumsy.
The white imp disappears for a moment.
The white imp hits you but does no damage.
Natasha claws you.
You die...

.
####.##.........##
...#.........[.#
#####............
### #...#.......#
....##..#........
#..⌠.⌠..........#
#...∩...........#
#..⌠.⌠..........#
.........5@..#....
.#.###....h.......
..# #............
.. #............
..........##..
.........### .
.......>.#
.........#


You could see Natasha (resistant) and a white imp (summoned).

Vanquished Creatures
  An orc priest (D:3)
  A jelly (D:3)
  2 dart slugs
  2 orcs (D:3)
  3 endoplasms
  7 goblins
  2 hobgoblins (D:2)
  9 jackals
  2 kobolds
  2 quokkas
  8 ball pythons
  2 bats (D:2)
  3 frilled lizards
  7 rats
51 creatures vanquished.

Vanquished Creatures (others)
  A jackal (D:1)
1 creature vanquished.

Grand Total: 52 creatures vanquished

Notes
Turn   | Place    | Note
-------+----------+-------------------------------------------
     0 | D:1      | Leszczynek the Vampire Earth Elementalist began the quest
                  | for the Orb.
     0 | D:1      | Reached XP level 1. HP: 13/13 MP: 3/3
   166 | D:1      | Reached XP level 2. HP: 19/19 MP: 3/5
   224 | D:2      | Reached skill level 1 in Conjurations
   324 | D:1      | Gained mutation: You are afflicted with vampirism and can
                  | become a bat while bloodless. [Vampire growth]
   324 | D:1      | Reached XP level 3. HP: 22/24 MP: 0/6
   460 | D:3      | Found a shimmering altar of Xom.
   535 | D:1      | Reached skill level 2 in Conjurations
   548 | D:1      | Learned a level 3 spell: Stone Arrow
   681 | D:3      | Found Joridghyu's Magic Scroll Boutique.
   709 | D:3      | Reached skill level 4 in Earth Magic
   709 | D:3      | Reached XP level 4. HP: 30/30 MP: 4/7
   719 | D:3      | Bought a scroll of teleportation for 39 gold pieces
   765 | D:3      | Found Secu's Antique Weapon Shoppe.
   784 | D:3      | -2 in staves?
   784 | D:3      | just when there's a guaranteed lajatang
   801 | D:4      | Noticed Edmund
   826 | D:4      | Found Pafian's Antique Armour Emporium.
   829 | D:4      | Noticed Natasha
   839 | D:4      | Gained mutation: You are partially covered in iridescent
                  | scales. (AC +2) [potion of mutation]
   839 | D:4      | Gained mutation: Armour fits poorly on your strangely
                  | shaped body. [potion of mutation]
   839 | D:4      | Gained mutation: You are clumsy. (Dex -2) [potion of
                  | mutation]
   839 | D:4      | HP: 1/30 [Natasha (6)]
   840 | D:4      | Slain by Natasha

Illustrated notes

###########.#
#.........#.######
#.........#.#.....
#..@#'#...#.#.......
#...#∩#.).#.#......#
#######.....>.##.#.#
#...............#
##.#.......#....#
#..............#
##...........#.#
#.####....##..# #..
##..##....


Turn 784 on D:3: -2 in staves?

Levels and vault maps discovered:
D:1:      dpeg_arrival_shrine, layout_basic
D:2:      layout_loops_cross, minmay_fractal_squares_5
D:3:      layout_rooms, mainiacjoe_overflow_cross_hatched, demons_altar,
          ebering_ghost_reflecting_pool, serial_shops,
          nicolae_shop_advertising_works [nicolae_subvault_shop_adworks], shop,
          nicolae_shop_window_shopping, nicolae_shop_bloodbath_and_beyond,
          hellmonk_ecumenical_altar_slurped_away
D:4:      layout_cave_pools, nemelex_diamond_rough_becter, serial_shops,
          shop_fountains, uniq_edmund, uniq_natasha

Skill      XL: |  1  2  3 |
---------------+----------+-----
Conjurations   | 1 2 |  2.3
Earth Magic    | 4 |  4.3
Dodging        | |  2.1
Stealth        | |  3.0
Spellcasting   | |  2.0
Transmutations | |  1.1

Action                   |  1- 3 |  4- 6 || total
-------------------------+-------+-------++-------
Melee: Mace              |    38 |     6 ||    44
       Bite              |     2 |       ||     2
 Cast: Sandblast         |    43 |    11 ||    54
  Use: Potion            |       |     3 ||     3
 Stab: Sleeping          |     1 |       ||     1
Armor: Robe              |     9 |     4 ||    13
Dodge: Dodged            |    32 |     8 ||    40

Table legend: (Time is in decaauts)
 A = Elapsed time spent in this place.
 B = Non-inter-level travel time spent in this place.
 C = Inter-level travel time spent in this place.
 D = Time resting spent in this place.
 E = Time spent auto-exploring this place.
 F = Levels seen in this place.
 G = Mean time per level.
                   A        B        C        D        E       F      G
               +--------+--------+--------+--------+--------+-----+--------+
         Total |    861 |    846 |     15 |      0 |      0 |   4 |  215.2 |
       Dungeon |    861 |    846 |     15 |      0 |      0 |   4 |  215.2 |
               +--------+--------+--------+--------+--------+-----+--------+

Top non-repeatable levels by time:
     D:1: 363 daAuts
     D:2: 267 daAuts
     D:3: 194 daAuts
     D:4: 35 daAuts
